 Dungeon Crawl Stone Soup version 0.28-a0-919-g0b5b508569 (webtiles) character file.

Game seed: 1570490283302016899

2941 bearlyready the Transmogrifier (level 9, 0/68 HPs)
             Began as a Merfolk Transmuter on Nov 25, 2021.
             Was a Believer of Elyvilon.
             Succumbed to an adder's poison
             ... in the Ecumenical Temple.
             The game lasted 00:20:15 (8097 turns).

bearlyready the Transmogrifier (Merfolk Transmuter) Turns: 8097, Time: 00:20:15

Health: 0/68       AC:  2    Str:  9 (10) XL:     9   Next: 80%
Magic:  1/12       EV: 12    Int: 13 (15) God:    Elyvilon [**....]
Gold:   290        SH:  0    Dex: 13 (15) Spells: 4/12 levels left

rFire   . . .      SeeInvis .     - Unarmed
rCold   . . .      Faith    .   (no shield)
rNeg    . . .      Spirit   +   a - +0 robe
rPois   .          Reflect  .   (no helmet)
rElec   .          Harm     .   (no cloak)
rCorr   .          Rampage  .   (no gloves)
Will    .....                   (no boots)
Stlth   +.........              n - amulet of guardian spirit
HPRegen 0.21/turn               (no ring)
MPRegen 0.13/turn               (no ring)

@: brilliant, lethally poisoned (0 -> -1), attractive, invisible
A: (nimble swimmer 2), mertail
a: Renounce Religion, Purification, Heal Other


You were in the Ecumenical Temple.
You worshipped Elyvilon.
Elyvilon was pleased with you.
You visited 2 branches of the dungeon, and saw 7 of its levels.
You also visited: Sewer.

You collected 290 gold pieces.

Inventory:

Missiles
 b - 18 poisoned darts (quivered)
 p - 10 boomerangs
 u - a curare-tipped dart
Armour
 a - a +0 robe (worn)
 o - a +2 ring mail of fire resistance
Jewellery
 n - an amulet of guardian spirit (around neck)
 s - a ring of flight
Wands
 h - a wand of flame (20)
 j - a wand of paralysis (12)
Scrolls
 c - a scroll of enchant weapon {unknown}
 d - a scroll of teleportation
 i - 2 scrolls of immolation {unknown}
 m - a scroll of fog {unknown}
 q - a scroll of amnesia {unknown}
 r - 2 scrolls of identify
Potions
 f - a potion of attraction
 g - 2 potions of flight
 t - a potion of invisibility


   Skills:
 + Level 5.3 Fighting
 - Level 2.6 Dodging
 + Level 8.4 Unarmed Combat
 - Level 2.0 Spellcasting
 + Level 9.6 Transmutations
 - Level 4.0 Poison Magic
 + Level 4.4 Invocations
 + Level 4.1 Evocations


You had 4 spell levels left.
You knew the following spells:

 Your Spells              Type           Power      Damage    Failure   Level
a - Beastly Appendage     Tmut           78%        N/A       1%          1
b - Wereblood             Tmut           39%        N/A       1%          2
c - Spider Form           Tmut/Pois      28%        N/A       4%          3
d - Passwall              Tmut/Erth      16%        N/A       5%          2

Your spell library contained the following spells:

 Spells                   Type           Power      Damage    Failure   Level
 Freeze                   Ice            4%         1d3       26%         1
 Shock                    Conj/Air       4%         1d3       26%         1
 Ice Form                 Ice/Tmut       20%        N/A       34%         4
 Call Canine Familiar     Summ           1%         N/A       58%         3
 Frozen Ramparts          Ice            2%         1d2       58%         3
 Ozocubu's Armour         Ice            1%         N/A       58%         3
 Portal Projectile        Hex/Tloc       2%         N/A       58%         3
 Swiftness                Air            1%         N/A       58%         3
 Airstrike                Air            0%         N/A       94%         4
 Hailstorm                Conj/Ice       1%         3d3       94%         4
 Leda's Liquefaction      Hex/Erth       0%         N/A       94%         4
 Eringya's Noxious Bog    Tmut/Pois      14%        N/A       93%         6
 Summon Forest            Summ/Tloc      0%         N/A       100%        5
 Ozocubu's Refrigeration  Ice            0%         4d5       100%        7
 Summon Hydra             Summ           0%         N/A       100%        7


Dungeon Overview and Level Annotations

Branches:
Dungeon (6/15)             Temple (1/1) D:6           Sewer (visited)

Altars:
Ashenzari
Cheibriados
Dithmenos
Makhleb
Qazlal
Ru
Trog
Xom
The Shining One

Shops:
D:2 :   D:5 *   D:6 :


Innate Abilities, Weirdness & Mutations

((You are quick and stealthy near water. (Stealth+, EV+, Speed+++)))
Your lower body shifts to a powerful aquatic tail in water.


Message History

You feel very sick.
You kill the water moccasin!
The adder bites you.
* * * LOW HITPOINT WARNING * * *
The orc is attracted toward you.
Okay, then.
You feel sick. The orc hits you with a +0 morningstar!
* * * LOW HITPOINT WARNING * * *
The orc is attracted toward you.
There is a staircase to the Ecumenical Temple, spattered with blood here.
You feel purified! The adder bites you.
* * * LOW HITPOINT WARNING * * *
The orc barely misses you.
You can't go up here!
The adder bites you.
* * * LOW HITPOINT WARNING * * *
You are lethally poisoned!
The adder poisons you! The orc closely misses you.
The adder closely misses you.
You climb downwards.
Welcome to the Ecumenical Temple!
Reactivating autopickup.
* * * LOW HITPOINT WARNING * * *
You feel sick.
Found a shimmering altar of Xom and a burning altar of Makhleb.
There is a staircase back to the Dungeon here.
Okay, then.
It was a potion of invisibility.
You fade into invisibility!
* * * LOW HITPOINT WARNING * * *
You feel sick. The orc closely misses you. The adder barely misses you.
The adder hisses angrily.
It was a potion of brilliance.
You feel clever all of a sudden.
* * * LOW HITPOINT WARNING * * *
You feel sick. The adder bites you but does no damage.
The orc is attracted toward you.
It was a potion of degeneration.
There was something very wrong with that liquid.
You feel weakened.
You feel dopey.
You feel clumsy.
You die...

§≈§≈§≈≈§§≈≈≈≈≈≈
§≈§≈§≈§§§≈≈§≈≈§
§§§§≈≈≈§§≈≈§§≈§
§§§≈≈§...§§§≈§≈
§≈§≈≈.....≈§§§≈
§§§≈.......≈§§≈
§≈§.........≈≈≈
§§§...o@.....§≈
§§...§S.......≈
§..............
§..............
...............
._..........._.
...............
...............


You could see an adder and an orc.

Vanquished Creatures
  6 yaks
  2 water moccasins
  An orc warrior (D:5)
  A black bear (D:6)
  3 ogres
  2 necrophages
  A centaur (D:5)
  2 kobold brigands
  2 scorpions (D:5)
  A water moccasin skeleton (D:5)
  A howler monkey (D:6)
  A centaur zombie (D:5)
  4 orc priests
  A bullfrog skeleton (D:5)
  4 hounds
  2 iguanas
  3 orc wizards
  A howler monkey zombie (D:4)
  16 gnolls (D:4)
  A howler monkey skeleton (D:4)
  8 adders
  3 white imps (D:5)
  An ufetubus (D:5)
  4 worms (D:4)
  28 orcs
  3 ball pythons
  5 endoplasms
  7 giant cockroaches
  8 goblins
  5 hobgoblins
  17 jackals
  5 quokkas
  6 bats
  6 frilled lizards
  12 kobolds
  8 rats
181 creatures vanquished.

Vanquished Creatures (others)
  2 fungi (D:3)
  3 plants
5 creatures vanquished.

Grand Total: 186 creatures vanquished

Notes
Turn   | Place    | Note
-------+----------+-------------------------------------------
     0 | D:1      | bearlyready the Merfolk Transmuter began the quest for the
                  | Orb.
     0 | D:1      | Reached XP level 1. HP: 15/15 MP: 3/3
   328 | D:1      | Reached skill level 3 in Transmutations
   350 | D:1      | Reached XP level 2. HP: 18/21 MP: 3/5
   989 | D:2      | Reached XP level 3. HP: 11/26 MP: 4/6
  1212 | D:2      | Learned a level 2 spell: Wereblood
  1216 | D:2      | Learned a level 3 spell: Spider Form
  1305 | D:2      | Reached skill level 4 in Transmutations
  1307 | D:2      | Found Hufaal's Book Emporium.
  1530 | D:2      | Reached skill level 1 in Poison Magic
  1530 | D:2      | Reached XP level 4. HP: 31/32 MP: 3/7
  1606 | D:2      | Found a faded altar of an unknown god.
  1933 | D:3      | Found a glowing drain.
  1958 | Sewer    | Entered a sewer
  2069 | Sewer    | Noticed a kobold brigand
  2088 | Sewer    | Killed a kobold brigand
  2089 | Sewer    | Reached XP level 5. HP: 16/37 MP: 0/8
  2249 | Sewer    | Found a white marble altar of Elyvilon.
  2312 | Sewer    | Became a worshipper of Elyvilon the Healer
  2393 | D:3      | Found a broken altar of Ashenzari.
  2397 | D:3      | Saw a vision of the Swamp and the Snake Pit.
  2397 | D:3      | Noticed an alligator
  2397 | D:3      | Noticed a black mamba
  2397 | D:3      | Noticed a naga
  2397 | D:3      | Noticed a naga
  2397 | D:3      | Noticed a swamp drake
  2397 | D:3      | Noticed a vampire mosquito
  2397 | D:3      | Noticed a vampire mosquito
  2397 | D:3      | Noticed a vampire mosquito
  2397 | D:3      | Noticed a shock serpent
  2397 | D:3      | Noticed a vampire mosquito
  2397 | D:3      | Noticed an alligator
  2397 | D:3      | Noticed a vampire mosquito
  2398 | D:3      | Noticed a black mamba
  2431 | D:3      | Reached skill level 5 in Transmutations
  2739 | D:3      | Found a glowing golden altar of the Shining One.
  2791 | D:3      | Found a shadowy altar of Dithmenos.
  2791 | D:3      | Found a sacrificial altar of Ru.
  2791 | D:3      | Reached * piety under Elyvilon
  2827 | D:4      | Noticed a necrophage
  2843 | D:4      | Killed a necrophage
  2844 | D:4      | Reached skill level 5 in Unarmed Combat
  2844 | D:4      | Reached XP level 6. HP: 29/43 MP: 6/9
  2952 | D:4      | Noticed a water moccasin
  2969 | D:4      | Killed a water moccasin
  3482 | D:4      | Reached skill level 6 in Transmutations
  3482 | D:4      | Reached XP level 7. HP: 48/48 MP: 6/10
  4149 | D:4      | Reached skill level 7 in Transmutations
  4715 | D:4      | Reached XP level 8. HP: 47/56 MP: 11/11
  4854 | D:4      | Reached ** piety under Elyvilon
  5279 | D:4      | Noticed a moth of wrath
  5282 | D:4      | Found a bloodstained altar of Trog.
  5437 | D:4      | Learned a level 2 spell: Passwall
  5695 | D:5      | Entered Level 5 of the Dungeon
  5730 | D:5      | Noticed a yak
  5765 | D:5      | Noticed a yak
  5894 | D:5      | Reached skill level 1 in Invocations
  6100 | D:5      | Reached skill level 8 in Transmutations
  6100 | D:5      | Reached skill level 1 in Evocations
  6453 | D:5      | Found a stormy altar of Qazlal.
  6648 | D:5      | Noticed a yak
  6656 | D:5      | Noticed a yak
  6656 | D:5      | Noticed a yak
  6656 | D:5      | Noticed a yak
  6677 | D:5      | Killed a yak
  6690 | D:4      | Killed a yak
  6865 | D:5      | Killed a yak
  6866 | D:5      | Reached XP level 9. HP: 45/65 MP: 5/12
  6904 | D:5      | Reached skill level 9 in Transmutations
  7415 | D:5      | Found a snail-covered altar of Cheibriados.
  7522 | D:5      | Found Naiseecs's Assorted Antiques.
  7761 | D:6      | Reached *** piety under Elyvilon
  7774 | D:6      | Found a staircase to the Ecumenical Temple.
  7846 | D:6      | Found Ugaza's Book Emporium.
  7861 | D:6      | Reached skill level 5 in Fighting
  8093 | D:6      | HP: 3/68 [adder (3)]
  8094 | Temple   | Entered the Ecumenical Temple
  8096 | Temple   | HP: 1/68 [poisoned by an adder]
  8097 | Temple   | Succumbed to an adder's poison

Illustrated notes

Levels and vault maps discovered:
D:1:      psy_arrival_whirlpool, layout_basic
D:2:      layout_rooms, shapermc_ecumenical_altar_starsandcircs, serial_shops,
          shop, serial_park_tiny_1, minmay_pentomino_q2
D:3:      layout_rooms, grunt_ashenzari_visionary
          [grunt_ashenzari_visionary_swamp, grunt_ashenzari_visionary_snake],
          tso_oasis_becter, minitemple, portal_sewer_entry_f
D:4:      lemuel_castle_with_subvaults [lemuel_castle_interior_original],
          layout_cave_pools, tgw_trog
D:5:      cheibrodos_quashed, layout_basic, nicolae_qazlal_scattered_showers,
          chei_slow_surprise, serial_shops, nicolae_shop_stone, st_stairs_6
D:6:      layout_basic, temple_pool_b, serial_shops, shop,
          kennysheep_generic_room_10
Temple:   compressed_dpeg_triangle_lava_temple

Skill      XL: |  1  2  3  4  5  6  7  8  9 |
---------------+----------------------------+-----
Transmutations | 3 4 5 6 7 8 9 |  9.6
Unarmed Combat | 4 5 6 7 8 |  8.4
Poison Magic   | 1 2 3 4 |  4.0
Fighting       | 2 4 5 |  5.3
Invocations    | 3 4 |  4.4
Evocations     | 2 4 |  4.1
Dodging        | |  2.6
Spellcasting   | |  2.0

Action                   |  1- 3 |  4- 6 |  7- 9 || total
-------------------------+-------+-------+-------++-------
Melee: Unarmed           |    83 |   132 |   397 ||   612
       Headbutt          |     8 |       |       ||     8
       Punch             |       |     3 |     2 ||     5
       Tailslap          |       |       |     2 ||     2
Throw: Dart              |       |     3 |    13 ||    16
 Cast: Beastly Appendage |    10 |       |       ||    10
       Spider Form       |     3 |    10 |    33 ||    46
       Wereblood         |       |     2 |       ||     2
Invok: Purification      |       |       |     1 ||     1
       Heal Self         |       |       |     1 ||     1
 Abil: End Transformatio |       |       |     1 ||     1
Evoke: Wand              |       |       |     3 ||     3
  Use: Scroll            |       |     2 |     1 ||     3
       Potion            |       |     2 |     5 ||     7
 Stab: Sleeping          |     1 |     2 |       ||     3
Armor: Robe              |    14 |     9 |    12 ||    35
       Skin              |     1 |     1 |     9 ||    11
Dodge: Dodged            |    65 |   102 |   357 ||   524

Table legend: (Time is in decaauts)
 A = Elapsed time spent in this place.
 B = Non-inter-level travel time spent in this place.
 C = Inter-level travel time spent in this place.
 D = Time resting spent in this place.
 E = Time spent auto-exploring this place.
 F = Levels seen in this place.
 G = Mean time per level.
                   A        B        C        D        E       F      G
               +--------+--------+--------+--------+--------+-----+--------+
         Total |   7933 |   7818 |    115 |   1180 |   4846 |   8 |  991.6 |
       Dungeon |   7584 |   7469 |    115 |   1180 |   4609 |   6 | 1264.0 |
        Temple |      2 |      2 |      0 |      0 |      0 |   1 |    2.0 |
         Sewer |    346 |    346 |      0 |      0 |    236 |   1 |  346.0 |
               +--------+--------+--------+--------+--------+-----+--------+

Top non-repeatable levels by time:
     D:4: 2676 daAuts
     D:5: 1724 daAuts
     D:3: 1098 daAuts
     D:1: 915 daAuts
     D:2: 828 daAuts
   Sewer: 346 daAuts
     D:6: 341 daAuts
  Temple: 2 daAuts
